 Dungeon Crawl Stone Soup version 0.27-a0-506-g2188dfaaa0 (webtiles) character file.

Game seed: 2958428579472574419

4 Morbidden the Skirmisher (level 1, 0/18 HPs)
             Began as a Demonspawn Fighter on Mar 3, 2021.
             Slain by a rat (1 damage)
             ... on level 1 of the Dungeon.
             The game lasted 00:00:09 (149 turns).

Morbidden the Skirmisher (Demonspawn Fighter)        Turns: 149, Time: 00:00:09

Health: 0/18       AC:  6    Str: 16    XL:     1   Next: 58%
Magic:  1/1        EV:  6    Int:  9    God:
Gold:   44         SH:  8    Dex: 12    Spells: 0/0 levels left

rFire    . . .     SeeInvis .   a - +0 long sword
rCold    . . .     Faith    .   c - +0 kite shield
rNeg     . . .     Spirit   .   b - +0 scale mail
rPois    .         Reflect  .   (no helmet)
rElec    .         Harm     .   (no cloak)
rCorr    .         Rampage  .   (no gloves)
Will     .....                  (no boots)
Stlth    ..........             (no amulet)
HPRegen  0.06/turn              (no ring)
MPRegen  0.07/turn              (no ring)

@: no status effects
A: no striking features
a: no special abilities


You were on level 1 of the Dungeon.
You visited 1 branch of the dungeon, and saw 1 of its levels.

You collected 44 gold pieces.

Inventory:

Hand Weapons
 a - a +0 long sword (weapon)
Armour
 b - a +0 scale mail (worn)
 c - a +0 kite shield (worn)
Scrolls
 e - a scroll of enchant weapon {unknown}
Potions
 d - a potion of might


   Skills:
 + Level 3.0 Fighting
 + Level 1.7 Long Blades
 + Level 2.8 Armour
 + Level 2.7 Shields


You couldn't memorise any spells.
You didn't know any spells.
Your spell library was empty.

Dungeon Overview and Level Annotations

Branches:
Dungeon (1/15)

Altars:


Message History

Unknown command.
You are too injured to fight recklessly!
Unknown command.
You are too injured to fight recklessly!
Unknown command.
You are too injured to fight recklessly!
Unknown command.
You are too injured to fight recklessly!
Unknown command.
You are too injured to fight recklessly!
You barely miss the leopard gecko.
The leopard gecko is severely wounded.
The hobgoblin hits you but does no damage.
The leopard gecko bites you.
The hobgoblin hits you but does no damage.
The leopard gecko bites you.
* * * LOW HITPOINT WARNING * * *
You barely miss the leopard gecko.
The leopard gecko is severely wounded.
You block the leopard gecko's attack. The hobgoblin closely misses you.
You riposte.
You slash the hobgoblin!
You kill the hobgoblin!
You block the leopard gecko's attack.
Unknown command.
You barely miss the leopard gecko.
The leopard gecko is severely wounded.
The leopard gecko bites you.
* * * LOW HITPOINT WARNING * * *
The rat closely misses you.
The leopard gecko hisses menacingly.
You block the leopard gecko's attack. The rat bites you but does no damage.
You closely miss the leopard gecko.
The leopard gecko is severely wounded.
You block the leopard gecko's attack. The rat bites you but does no damage.
You block the leopard gecko's attack.
Unknown command.
You closely miss the leopard gecko.
The leopard gecko is severely wounded.
The rat bites you.
You die...

..#.....#.#..#.####
#.#..##..#.....#
#....#......##
####.####...#
#....# #...# #
#.#### #...# #.#.#
#...#
#...#######...#
#...#..@r.......
#.#.....l........
#.#.#..........
....########...
##.## .. #. . . #


You could see a leopard gecko and a rat.

Vanquished Creatures
  A hobgoblin (D:1)
  2 jackals (D:1)
  A kobold (D:1)
4 creatures vanquished.

Notes
Turn   | Place    | Note
-------+----------+-------------------------------------------
     0 | D:1      | Morbidden the Demonspawn Fighter began the quest for the
                  | Orb.
     0 | D:1      | Reached XP level 1. HP: 18/18 MP: 1/1
   149 | D:1      | Slain by a rat

Illustrated notes

Levels and vault maps discovered:
D:1:      scummos_arrival_star, layout_loops_cross, minmay_hexomino_r4

Action                   || total
-------------------------++-------
Melee: Long sword        ||    21
Armor: Scale mail        ||    13
Dodge: Dodged            ||     6
Block: Kite shield       ||    19
       Rpst.: Long sword ||     2

Table legend: (Time is in decaauts)
 A = Elapsed time spent in this place.
 B = Non-inter-level travel time spent in this place.
 C = Inter-level travel time spent in this place.
 D = Time resting spent in this place.
 E = Time spent auto-exploring this place.
 F = Levels seen in this place.
 G = Mean time per level.
                   A        B        C        D        E       F      G
               +--------+--------+--------+--------+--------+-----+--------+
         Total |    160 |    160 |      0 |      0 |    122 |   1 |  160.0 |
       Dungeon |    160 |    160 |      0 |      0 |    122 |   1 |  160.0 |
               +--------+--------+--------+--------+--------+-----+--------+

Top non-repeatable levels by time:
     D:1: 160 daAuts
